AoeStats
← Perseu

Nomad

510699621Analyzed
4v4 RM · 18h ago on Oct 2, 2026· 19m 25s· 8 players
Game mode
Random Map
Map size
231×231
Population
200
Speed
Normal
Resources
Standard
Victory
Conquest
Starting age
Dark Age
Ending age
Imperial Age
RankedLock teamsTeams togetherTeam positionsShared explorationLock speedFull tech treeHidden civsTurbo modeCheats
Victory
Defeat
🇹🇼 Dravidians · Taiwan
1491
+13
🇧🇷 Huns · Brazil
1406
+17
🇹🇼 Varangians · Taiwan
1363
+18
🇹🇼 Saracens · Taiwan
1357
+19
🇦🇺 Sicilians · Australia
1434
-17
🇨🇳 Varangians · China
1421
-17
🇨🇳 Celts · China
1421
-17
1398
-16
PTL_Keckerz
4:47 Loom
12:49 Feudal Age
15:04 Double-Bit Axe
16:11 Fishing Lines
21:00 Castle Age
Mr.Robin
13:33 Feudal Age
12:58 Loom
14:16 Double-Bit Axe
18:45 Fletching
19:02 Town Watch
22:00 Castle Age
很蓝的啦
6:55 Loom
14:32 Feudal Age
15:19 Double-Bit Axe
15:23 Town Watch
15:33 Arson
15:09 Man-at-Arms
15:32 Fishing Lines
16:33 Gold Mining
19:10 Wheelbarrow
哭稀饭(2125613428)
10:48 Loom
15:08 Feudal Age
19:46 Castle Age
20:04 Castle Age
Perseu
5:50 Loom
14:26 Feudal Age
18:18 Castle Age
16:10 Fishing Lines
16:49 Double-Bit Axe
17:26 Fletching
17:45 Gold Mining
19:14 Bow Saw
19:01 Bodkin Arrow
野生傑尼龜
5:36 Loom
13:53 Feudal Age
17:53 Castle Age
17:43 Double-Bit Axe
鯊魚86
11:32 Loom
14:00 Feudal Age
15:18 Double-Bit Axe
17:57 Castle Age
16:38 Gold Mining
18:52 Medium Warships
18:33 Town Watch
19:21 Fletching
19:52 Bow Saw
炫瘋貓
13:35 Feudal Age
18:25 Castle Age
Connection lost

Rejoining the realm…

Still unreachable

The connection could not be restored.

Session expired

The server has moved on; the page needs a fresh start.